 Dungeon Crawl Stone Soup version 0.30-a0-474-g5673dd7ce6 (webtiles) character file.

Game seed: 3950672278824576316

897 MordorOrchid the Magician (level 8, -1/56 HPs)
             Began as a Djinni Earth Elementalist on Dec 20, 2022.
             Engulfed by a cloud of freezing vapour (8 damage)
             ... on level 4 of the Dungeon.
             The game lasted 00:16:10 (3501 turns).

MordorOrchid the Magician (DjEE)                    Turns: 3501, Time: 00:16:10

Health: -1/56      AC:  5    Str:  7    XL:     8   Next: 28%
Gold:   97         EV: 13    Int: 19    God:
                   SH:  0    Dex: 14

rFire   + + +      SeeInvis .    w - +2 whip (venom)
rCold   + . .      Faith    .    (no shield)
rNeg    . . .      Spirit   .    a - +0 robe
rPois   ∞          Reflect  .    k - +0 helmet
rElec   +          Harm     .    x - +0 cloak
rCorr   +          Rampage  .    A - +0 pair of gloves
Will    .....                    (boots unavailable)
Stlth   ++........               (no amulet)
HPRegen 0.29/turn                e - ring of protection from cold
MPRegen 0.00/turn                (no ring)

@: resistant, flying
A: sickness immunity, fire resistance 2, cold vulnerability 1, float, innate
caster, HP casting, extra vitality 1
a: no special abilities


You were on level 4 of the Dungeon.
You visited 1 branch of the dungeon, and saw 4 of its levels.

You collected 220 gold pieces.
You spent 123 gold pieces at shops.

Inventory:

Hand Weapons
 h - a +0 sling
 t - a +0 longbow
 v - a +4 quarterstaff of chaos
 w - a +2 whip of venom (weapon)
 B - a +0 short sword of speed
Missiles
 c - 2 poisoned darts
 r - a throwing net
 s - a boomerang
Armour
 a - a +0 robe (worn)
 k - a +0 helmet (worn)
 x - a +0 cloak (worn)
 y - a scarf of invisibility
 A - a +0 pair of gloves (worn)
Magical Staves
 f - a staff of fire
Jewellery
 e - a ring of protection from cold (left hand)
Wands
 l - a wand of flame (9)
Scrolls
 g - a scroll of fear {unknown}
 m - a scroll of butterflies {unknown}
 n - a scroll of vulnerability {unknown}
 o - a scroll of noise {unknown}
 p - 2 scrolls of blinking
 u - a scroll of teleportation {unknown}
Potions
 b - a potion of lignification {unknown}
 d - 2 potions of berserk rage {unknown}
 i - 2 potions of flight {unknown}
 j - a potion of heal wounds
 q - a potion of attraction {unknown}
 z - a potion of curing
 C - a potion of brilliance {unknown}


   Skills:
 * Level 3.0 Fighting
 * Level 1.2 Throwing
 * Level 4.2 Dodging
 - Level 3.0 Stealth
 + Level 5.5 Spellcasting
 * Level 1.4 Evocations


You had 2 spell levels left.
You knew the following spells:

 Your Spells              Type           Power      Damage    Failure   Level
a - Sandblast             Erth           52%        2d12      1%          1
b - Call Imp              Summ           26%        N/A       1%          2
d - Petrify               Tmut/Erth      26%        N/A       12%         4
e - Kiss of Death         Conj/Necr      100%       2d13      1%          1
f - Stone Arrow           Conj/Erth      52%        3d10      3%          3
w - Passwall              Tmut/Erth      21%        N/A       1%          2
A - Confusing Touch       Hex            26%        N/A       3%          3
Your spell library was empty.

Dungeon Overview and Level Annotations

Branches:
Dungeon (4/15)
 Temple: D:4-7

Altars:
Okawaru
Qazlal
Uskayaw

Shops:
D:2 ?

Annotations:
D:4 1 transporter


Innate Abilities, Weirdness & Mutations

You are immune to sickness and miasma.
You are immune to poison.
Your flesh is very heat resistant. (rF++)
You are vulnerable to cold. (rC-)
You float through the air rather than walking.
You learn spells naturally, not from books.
Your magical power is your life essence.
You have superior vitality. (+4 MHP)


Message History

Your Throwing skill increases to level 1!
Casting: Stone Arrow (dangerous; 4% risk of failure)
Confirm with . or Enter, or press ? or * to list all spells.
Aiming: Stone Arrow (dangerous; 4% risk of failure)
Press: ? - help, Shift-Dir - straight line, f - ice beast
Aim: an ice beast (ally target, 71% to hit)
The stone arrow hits the ice beast!
The ice beast is moderately wounded.
Casting: Stone Arrow (dangerous; 4% risk of failure)
Confirm with . or Enter, or press ? or * to list all spells.
Aiming: Stone Arrow (dangerous; 4% risk of failure)
Press: ? - help, Shift-Dir - straight line, f/p - ice beast
Aim: an ice beast (freezing vapour, moderately wounded, ally target, 71% to hit)
The stone arrow hits the ice beast!
The ice beast is almost dead.
Your crimson imp barely misses the ice beast.
Casting: Stone Arrow (dangerous; 4% risk of failure)
Confirm with . or Enter, or press ? or * to list all spells.
Aiming: Sandblast (safe; 1% risk of failure)
Press: ? - help, Shift-Dir - straight line, f/p - ice beast
Aim: an ice beast (freezing vapour, almost dead, ally target, 83% to hit)
The blast of sand hits the ice beast.
You kill the ice beast!
Your Fighting skill increases to level 3!
Unknown command.
Okay, then.
Really fly into a travel-excluded area?
You are engulfed in freezing vapours.
There is an open gate here.
Okay, then.
Okay, then.
You feel protected.
Really fly into a travel-excluded area?
You are engulfed in freezing vapours.
You resist.
* * * LOW HITPOINT WARNING * * *
There is an open gate here.
You are engulfed in freezing vapours.
You resist.
* * * LOW HITPOINT WARNING * * *
You are engulfed in freezing vapours.
You resist.
You die...

....##.#........................#
#...##...........#####...##.#...#
#...##.....##.....# #...##.....#
................©.## #....#.#...#
#..###...#.###########....#.....#
#..# #...#.#○○○!©$○☼○#...........
...# #...#.#☼○○$$$○○○#...........
#..###...#.#○○○...☼°○#..#........
#..(.......#☼○☼°@○○☼○#..#.#.#....
##.###..##.#○.°°○☼☼☼○#...........
##.# #)....####○°○####..#.###..#.
##.###..#..##○°..5°°##..#........
....÷...#..##☼°#.#☼○##..#####..#.
##.######..##°°...☼○###.# #..#.
............#°☼#©#☼○# ### #..##
##.######..##○°○°☼☼°# #....
########..##...○.○○# #####.###


You could see a friendly crimson imp (summoned).

Vanquished Creatures
  Sigmund (D:3)
  2 ice beasts (D:4)
  A sky beast (D:4)
  An ogre (D:4)
  2 hounds (D:4)
  Jessica (D:2)
  An orc wizard (D:3)
  2 adders
  3 gnolls (D:3)
  2 worms (D:3)
  3 dart slugs
  9 orcs (D:3)
  6 endoplasms
  2 giant cockroaches
  7 hobgoblins
  7 jackals
  2 quokkas
  8 ball pythons
  7 bats
  5 frilled lizards
  14 goblins
  8 kobolds
  4 rats
98 creatures vanquished.

Vanquished Creatures (collateral kills)
  A scorpion (D:4)
  Crazy Yiuf (D:3)
  An orc wizard (D:3)
  An adder (D:3)
  A worm (D:4)
  A goblin (D:3)
  2 hobgoblins
  A kobold (D:4)
9 creatures vanquished.

Grand Total: 107 creatures vanquished

Notes
Turn   | Place    | Note
-------+----------+-------------------------------------------
     0 | D:1      | MordorOrchid the Djinni Earth Elementalist began the quest
                  | for the Orb.
     0 | D:1      | MordorOrchid set off with the following spells memorised:
                  | Sandblast, Passwall, Stone Arrow, Petrify.
     0 | D:1      | Reached XP level 1. HP: 15/15 MP: 0/0
   186 | D:1      | Reached XP level 2. HP: 11/21 MP: 0/0
   452 | D:1      | Reached XP level 3. HP: 23/26 MP: 0/0
   452 | D:1      | Learned a level 1 spell: Kiss of Death
   808 | D:2      | Reached skill level 3 in Spellcasting
  1033 | D:2      | Found a hide-covered altar of Uskayaw.
  1085 | D:2      | Noticed Jessica
  1095 | D:2      | Killed Jessica
  1096 | D:2      | Reached skill level 1 in Fighting
  1096 | D:2      | Reached XP level 4. HP: 32/32 MP: 0/0
  1151 | D:2      | Found Uhatros's Magic Scroll Boutique.
  1168 | D:2      | Bought a scroll of blinking for 97 gold pieces
  1168 | D:2      | Bought a scroll of identify for 26 gold pieces
  1275 | D:3      | Found a faded altar of an unknown god.
  1399 | D:3      | Reached XP level 5. HP: 33/37 MP: 0/0
  1399 | D:3      | Learned a level 2 spell: Call Imp
  1649 | D:3      | Noticed Sigmund
  1661 | D:3      | Killed Sigmund
  1662 | D:3      | Reached skill level 4 in Spellcasting
  1662 | D:3      | Reached XP level 6. HP: 25/43 MP: 0/0
  2122 | D:3      | Reached XP level 7. HP: 35/49 MP: 0/0
  2122 | D:3      | Learned a level 3 spell: Confusing Touch
  2339 | D:3      | Found a runed translucent door.
  2340 | D:3      | Noticed Crazy Yiuf
  2360 | D:3      | Killed Crazy Yiuf
  2692 | D:4      | Found a stormy altar of Qazlal.
  2750 | D:4      | Found a transporter.
  2798 | D:4      | Reached skill level 5 in Spellcasting
  2903 | D:4      | Found a transporter.
  2914 | D:4      | Reached skill level 1 in Evocations
  2914 | D:4      | Reached XP level 8. HP: 51/55 MP: 0/0
  3231 | D:4      | Found an iron altar of Okawaru.
  3492 | D:4      | Reached skill level 1 in Throwing
  3501 | D:4      | Engulfed by a cloud of freezing vapour

Illustrated notes

Levels and vault maps discovered:
D:1:      eino_arrival_water_cross, layout_basic
D:2:      layout_rooms, basic_altar, serial_shops, shop, uniq_jessica
D:3:      layout_basic, dreamdust_ecumenical_altar_grove, grunt_ministairs_8,
          minmay_misc_feat_chi, nicolae_concentric_dashed_squares_mild,
          st_stairs_10, uniq_sigmund, uniq_crazy_yiuf_cottage
D:4:      gammafunk_cloud_chamber, layout_basic,
          hellmonk_okawaru_the_only_friend_you_need,
          mainiacjoe_overflow_brackets

Skill      XL: |  1  2  3  4  5  6  7  8 |
---------------+-------------------------+-----
Spellcasting   | 3 4 5 |  5.5
Fighting       | 1 2 3 |  3.0
Stealth        | 2 3 |  3.0
Dodging        | 3 4 |  4.2
Evocations     | 1 |  1.4
Throwing       | 1 |  1.2

Action                   |  1- 3 |  4- 6 |  7- 9 || total
-------------------------+-------+-------+-------++-------
Melee: Whip              |     8 |     7 |       ||    15
 Cast: Sandblast         |    50 |    58 |    30 ||   138
       Kiss of Death     |     1 |       |       ||     1
       Call Imp          |       |    11 |    19 ||    30
       Passwall          |       |     1 |       ||     1
       Stone Arrow       |       |       |     3 ||     3
  Use: Scroll            |       |     3 |       ||     3
       Potion            |       |     2 |     1 ||     3
 Stab: Sleeping          |     1 |     1 |       ||     2
Armor: Robe              |     4 |     6 |     1 ||    11
Dodge: Dodged            |    16 |     6 |     1 ||    23

Table legend: (Time is in decaauts)
 A = Elapsed time spent in this place.
 B = Non-inter-level travel time spent in this place.
 C = Inter-level travel time spent in this place.
 D = Time resting spent in this place.
 E = Time spent auto-exploring this place.
 F = Levels seen in this place.
 G = Mean time per level.
                   A        B        C        D        E       F      G
               +--------+--------+--------+--------+--------+-----+--------+
         Total |   3551 |   3324 |    227 |      3 |   2581 |   4 |  887.8 |
       Dungeon |   3551 |   3324 |    227 |      3 |   2581 |   4 |  887.8 |
               +--------+--------+--------+--------+--------+-----+--------+

Top non-repeatable levels by time:
     D:3: 1384 daAuts
     D:4: 930 daAuts
     D:1: 820 daAuts
     D:2: 416 daAuts
